 Dungeon Crawl Stone Soup version 0.32-a0-43-g058985b245 (webtiles) character file.

Game seed: 7374709487528491088

51 FaerieMacabre the Digger (level 3, -1/24 HPs)
             Began as a Mummy Earth Elementalist on Feb 4, 2024.
             Splashed by a jelly's acid (9 damage)
             ... on level 3 of the Dungeon.
             The game lasted 00:01:46 (2154 turns).

FaerieMacabre the Digger (Mummy Earth Elementalist) Turns: 2154, Time: 00:01:47

Health: -1/24      AC:  2    Str: 11    XL:     3   Next: 58%
Magic:  3/7        EV: 12    Int: 16    God:
Gold:   124        SH:  0    Dex: 12    Spells: 2/8 levels left

rFire   x . .        (no weapon)
rCold   + . .        (no shield)
rNeg    + + +        a - +0 robe
rPois   ∞            (no helmet)
rElec   .            (no cloak)
rCorr   .            (no gloves)
SInv    +            (no boots)
Will    .....        (no amulet)
Stlth   ++           v - ring of see invisible
HPRegen 0.24/turn    (no ring)
MPRegen 0.10/turn

%: faith
@: no status effects
A: cold resistance 1, negative energy resistance 3, torment resistance 2, heat
vulnerability 1, in touch with death 1, no potions, faith
a: no special abilities


You were on level 3 of the Dungeon.
You visited 1 branch of the dungeon, and saw 3 of its levels.

You collected 124 gold pieces.


Innate Abilities, Weirdness & Mutations

You are immune to poison.
Your flesh is cold resistant. (rC+)
You are immune to negative energy. (rN+++)
You are immune to unholy pain and torment.
You are vulnerable to heat. (rF-)
You are in touch with the powers of death.
You do not drink.
You have a special connection with the divine. (Faith)


   Skills:
 - Level 1.5 Dodging
 - Level 1.5 Stealth
 - Level 3.0 Spellcasting
 * Level 2.0 Conjurations
 * Level 3.1 Earth Magic


You had 2 spell levels left.
You knew the following spells:

 Your Spells              Type           Power      Damage    Failure   Level
a - Stone Arrow           Conj/Erth      20%        3d8       19%         3
b - Blink                 Tloc           4%         N/A       28%         2
s - Sandblast             Erth           24%        2d8       5%          1

Your spell library contained the following spells:

 Spells                   Type           Power      Damage    Failure   Level
 Momentum Strike          Conj/Tloc      10%        3d8       19%         2
 Lesser Beckoning         Tloc           4%         N/A       28%         2
 Passwall                 Erth           12%        N/A       16%         3
 Brom's Barrelling Bould  Conj/Erth      10%        2d3       54%         4
 Petrify                  Alch/Erth      7%         N/A       69%         4

Inventory:

Armour
 a - a +0 robe (worn)
 i - the +5 ring mail "Guisocoru" {Slay+6}
   (You found it on level 3 of the Dungeon)

   Slay+6:    It affects your accuracy & damage with ranged weapons and melee
   (+6).
Jewellery
 v - a ring of see invisible (left hand)
   (You found it on level 2 of the Dungeon)
Scrolls
 b - a scroll of teleportation {unknown}
 c - 4 scrolls of enchant armour {unknown}
 d - a scroll of amnesia {unknown}
 e - 2 scrolls of identify {unknown}
 f - a scroll of enchant weapon {unknown}
 g - a scroll of blinking {unknown}
 h - a scroll of acquirement {unknown}
 j - a scroll of fear {unknown}

Dungeon Overview and Level Annotations

Branches:
Dungeon (3/15)

Altars:

## #.. .(.
#.######
......#
.###.#r..#
.......@.#
...r.#J#.#
#.# ...#.#
#.##.#.# ..
#.#.# ..
#.#.# .
#.#.#####
#.#..†..#
#####.#####


You could see a jelly, a quokka and a rat.


Message History

You lost 1 mp, and now have 2/7 mp.
You can't see any susceptible monsters within range! (Use Z to cast anyway.)
You now have 124 gold pieces (gained 3).
Key pressed, stopping explore.
You open the door.
There is an open door here.
A kobold comes into view.
It is wielding a +0 club and quivering poisoned darts. 😎 MP[+5]
Your mp is fully restored (7).
A kobold is nearby!
A kobold is nearby!
Unknown command.
The kobold shouts!
The kobold throws a poisoned dart.
The poisoned dart completely misses you.
You see here a +0 whip.
The blast of sand hits the kobold. 😎 MP[-1]
You lost 1 mp, and now have 6/7 mp.
The blast of sand misses the kobold.
The kobold throws a poisoned dart.
The poisoned dart misses you.
The kobold throws a poisoned dart.
The poisoned dart barely misses you. 😎 MP[-1]
You lost 1 mp, and now have 5/7 mp.
The blast of sand misses the kobold. 😎 MP[-1]
You lost 1 mp, and now have 4/7 mp.
The blast of sand hits the kobold.
You kill the kobold!
Your Conjurations skill increases to level 2! 😎 MP[-1]
You lost 1 mp, and now have 3/7 mp.
Things that are here:
a +0 club; 6 poisoned darts; a kobold corpse 😎 MP[+4]
Your mp is fully restored (7).
You open the door.
A rat comes into view.
A rat is nearby!
A rat is nearby!
Unknown command.
The blast of sand hits the rat.
You kill the rat! 😎 MP[-1]
You lost 1 mp, and now have 6/7 mp.
You can't see any susceptible monsters within range! (Use Z to cast anyway.)
There is an open door here.
You see here a rat corpse.
A bat comes into view. 😎 MP[+1]
Your mp is fully restored (7).
A bat is nearby!
A bat is nearby!
Unknown command.
The blast of sand hits the bat!
You kill the bat! 😎 MP[-1]
You lost 1 mp, and now have 6/7 mp.
You can't see any susceptible monsters within range! (Use Z to cast anyway.)
You see here a bat corpse.
A quokka comes into view. 😎 MP[+1]
Your mp is fully restored (7).
A quokka is nearby!
A quokka is nearby!
Unknown command.
You can't see any susceptible monsters within range! (Use Z to cast anyway.)
You can't see any susceptible monsters within range! (Use Z to cast anyway.) Unknown command.
You can't see any susceptible monsters within range! (Use Z to cast anyway.)
You can't see any susceptible monsters within range! (Use Z to cast anyway.)
A rat and a jelly come into view.
The blast of sand hits the jelly!
The jelly quivers. 😎 MP[-1]
You lost 1 mp, and now have 6/7 mp.
The blast of sand misses the quokka.
The quokka barely misses you.
The quokka bites you but does no damage.
The jelly hits you but does no damage. 😎 MP[-1]
You lost 1 mp, and now have 5/7 mp.
The blast of sand hits the jelly.
The quokka bites you but does no damage.
The jelly hits you.
You are splashed with acid!
The quokka bites you.
* * * LOW HITPOINT WARNING * * *
😨 HP[-14] MP[-1]
You take 14 damage, and now have 10/24 hp.
MASSIVE DAMAGE!! (PAUSE)
You lost 1 mp, and now have 4/7 mp.
Casting: Sandblast (safe; 5% risk of failure)
Confirm with . or Enter, or press ? or * to list all spells.
Aiming: Sandblast (safe; 5% risk of failure)
Press: ? - help, Shift-Dir - straight line, f/p - jelly
Aim: a jelly (severely wounded, 100% to hit)
The blast of sand hits the jelly.
The jelly misses you. The quokka bites you.
* * * LOW HITPOINT WARNING * * *
The jelly hits you.
* * * LOW HITPOINT WARNING * * *
You are splashed with acid!
You die...

Skill      XL: |  1  2  3 |
---------------+----------+-----
Conjurations   | 1 2 |  2.0
Spellcasting   | 3 |  3.0
Earth Magic    | 3 |  3.1
Dodging        | |  1.5
Stealth        | |  1.5

Action                     || total
---------------------------++-------
   Cast: Sandblast         ||    56
 Armour: Robe              ||    14
  Dodge: Dodged            ||    11

Levels and vault maps discovered:
D:1:      dpeg_arrival_pits, layout_loops_cross, minivault_23
D:2:      layout_basic, ebering_ecumenical_altar_sacrificial, minmay_cupped
D:3:      layout_basic

Notes
Turn   | Place    | Note
-------+----------+-------------------------------------------
     0 | D:1      | FaerieMacabre the Mummy Earth Elementalist began the quest
                  | for the Orb.
     0 | D:1      | Reached XP level 1. HP: 13/13 MP: 4/4
     0 | D:1      | magus.rc [v1.11.3]
    74 | D:1      | Reached skill level 1 in Conjurations
   365 | D:1      | Reached XP level 2. HP: 19/19 MP: 0/5
   774 | D:1      | Reached skill level 3 in Spellcasting
  1041 | D:2      | You pick up a book of Spatial Translocations and begin
                  | reading...
  1041 | D:2      | You add the spells Blink, Momentum Strike and Lesser
                  | Beckoning to your library.
  1211 | D:2      | Found a faded altar of an unknown god.
  1216 | D:2      | Reached skill level 3 in Earth Magic
  1216 | D:2      | Reached XP level 3. HP: 24/24 MP: 4/7
  1868 | D:2      | Learned a level 3 spell: Stone Arrow
  1871 | D:2      | Learned a level 2 spell: Blink
  1890 | D:3      | Identified the +5 ring mail "Guisocoru" {Slay+6}
  2055 | D:3      | Reached skill level 2 in Conjurations
  2154 | D:3      | Splashed by a jelly's acid

Vanquished Creatures
  An adder (D:2)
  A ribbon worm (D:3)
  3 dart slugs
  4 bats
  2 endoplasms
  2 giant cockroaches
  4 goblins
  2 hobgoblins (D:2)
  A quokka (D:1)
  4 ball pythons
  3 frilled lizards
  3 kobolds
  3 rats
33 creatures vanquished.

Table legend:
 A = Non-vault XP
 B = Vault XP
 C = Vault XP percentage of total XP
 D = Non-vault monster count
 E = Vault monster count
 F = Vault count percentage of total count
                 A         B        C        D         E       F
            +---------+---------+-------+---------+---------+-------
      Total |      72 |       2 |   2.7 |      32 |       1 |   3.0
            +---------+---------+-------+---------+---------+-------
        D:1 |      24 |       0 |   0.0 |      14 |       0 |   0.0
        D:2 |      35 |       2 |   5.4 |      12 |       1 |   7.7
        D:3 |      13 |       0 |   0.0 |       6 |       0 |   0.0
            +---------+---------+-------+---------+---------+-------

Skill      XL: |  1  2  3 |
---------------+----------+-----
Conjurations   | 1 2 |  2.0
Spellcasting   | 3 |  3.0
Earth Magic    | 3 |  3.1
Dodging        | |  1.5
Stealth        | |  1.5

Action                     || total
---------------------------++-------
   Cast: Sandblast         ||    56
 Armour: Robe              ||    14
  Dodge: Dodged            ||    11

Illustrated notes

Table legend:
 A = Kills in this place as a percentage of kills in the entire game.
 B = Kills by you in this place as a percentage of kills by you in the entire game.
 C = Kills by friends in this place as a percentage of kills by friends in the entire game.
 D = Other kills in this place as a percentage of other kills in the entire game.
 E = Experience gained in this place as a percentage of experience gained in the entire game.
 F = Experience gained in this place divided by the number of levels of this place that you have seen.
                   A       B       C       D       E      F
               +-------+-------+-------+-------+-------+----------------------
         Total | 100.0 | 100.0 |   N/A |   N/A | 100.0 |  24.7
       Dungeon | 100.0 | 100.0 |   N/A |   N/A | 100.0 |  24.7
               +-------+-------+-------+-------+-------+----------------------

Table legend: (Time is in decaauts)
 A = Elapsed time spent in this place.
 B = Non-inter-level travel time spent in this place.
 C = Inter-level travel time spent in this place.
 D = Time resting spent in this place.
 E = Time spent auto-exploring this place.
 F = Levels seen in this place.
 G = Mean time per level.
                   A        B        C        D        E       F      G
               +--------+--------+--------+--------+--------+-----+--------+
         Total |   2180 |   2125 |     55 |      0 |   1920 |   3 |  726.7 |
       Dungeon |   2180 |   2125 |     55 |      0 |   1920 |   3 |  726.7 |
               +--------+--------+--------+--------+--------+-----+--------+

Top non-repeatable levels by time:
     D:2: 1067 daAuts
     D:1: 834 daAuts
     D:3: 279 daAuts
